Map: 死亡光环-天梯版

Players

iGXY (XY)

  • Race: Terran Terran

夜蝶蝶蝶蝶蝶蝶蝶 (Firefly) - Winner!

  • Race: Protoss Protoss
  • League: Master

Event: DreamHack SC2 Masters 2020 Winter

VOD

Have the link to the VOD?

Description

Time

  • Played on: Oct. 28, 2020, 7:52 a.m.
  • Length: 18:29

All games in this series

Show
View Real Time Build Order
Export as new Build Order

iGXY Terran 

Build Orders:  

Get SALT Encoding   

  12  0:00  SCV  
  13  0:12  SCV  
  14  0:17  Supply Depot  
  14  0:26  SCV  
  15  0:39  SCV  
  15  0:41  Barracks  
  16  0:44  Refinery  
  16  0:51  SCV  
  17  1:03  SCV  
  18  1:15  SCV  
  19  1:28  Marine, Orbital Command  
  20  1:41  Command Center  
  20  1:47  Barracks Reactor  
  20  1:54  SCV  
  21  1:56  Supply Depot  
  21  2:06  SCV  
  22  2:09  Factory  
  22  2:18  SCV  
  22  2:20  Bunker  
  23  2:23  Marine  
  23  2:24  Reaper  
  23  2:29  Refinery  
  25  2:31  SCV  
  26  2:41  Marine  
  26  2:43  SCV  
  28  2:55  SCV  
  28  2:56  Marine  
  32  2:58  Hellion  
  32  2:59  Marine  
  32  3:00  Orbital Command  
  32  3:07  SCV  
  33  3:20  SCV  
  33  3:21  Factory Tech Lab  
  33  3:22  Starport  
  33  3:27  SCV  
  33  3:32  SCV, Marine  
  33  3:33  Marine  
  37  3:39  SCV  
  38  3:44  SCV  
  38  3:48  Factory Tech Lab  
  39  3:50  Marine  
  39  3:51  Marine  
  39  3:52  SCV  
  42  4:01  SCV  
  41  4:05  Supply Depot  
  41  4:07  Raven  
  41  4:08  SCV  
  46  4:13  SCV  
  44  4:18  Command Center  
  44  4:20  SCV  
  44  4:23  Supply Depot  
  45  4:25  SCV  
  45  4:26  Marine x2, Siege Tank  
  45  4:29  Supply Depot  
  51  4:32  SCV  
  51  4:37  SCV  
  53  4:44  Marine  
  53  4:45  Marine, SCV, Supply Depot  
  56  4:49  SCV  
  57  4:55  Barracks  
  57  4:57  SCV, Barracks  
  58  5:01  Siege Tank, SCV  
  58  5:03  Marine, Starport Reactor  
  63  5:09  SCV  
  63  5:13  SCV  
  65  5:16  Engineering Bay  
  65  5:18  Engineering Bay  
  65  5:19  Refinery  
  65  5:20  Refinery  
  65  5:21  SCV  
  65  5:23  Marine x2  
  65  5:25  SCV  
  69  5:30  Orbital Command  
  69  5:33  Siege Tank  
  72  5:37  SCV x2  
  72  5:38  Orbital Command  
  72  5:41  Marine x2  
  76  5:45  Stimpack  
  76  5:48  Marine  
  76  5:49  SCV  
  79  5:50  Barracks Tech Lab, SCV  
  79  5:54  Terran Infantry Armor Level 1, Terran Infantry Weapons Level 1  
  79  6:00  Marine x2  
  79  6:01  SCV  
  79  6:02  SCV  
  83  6:05  Siege Tank  
  83  6:07  Supply Depot  
  83  6:08  SCV  
  87  6:13  SCV  
  87  6:16  Barracks  
  87  6:17  Orbital Command  
  87  6:18  Barracks  
  88  6:20  Marauder x2, Marine  
  88  6:24  Supply Depot  
  93  6:28  Marine  
  93  6:29  SCV  
  95  6:37  Siege Tank, SCV  
  99  6:41  SCV  
  99  6:42  Marine  
  99  6:44  Supply Depot  
  99  6:46  Marauder x2, Supply Depot, Marine  
  106  6:49  SCV  
  106  6:53  SCV  
  109  6:54  Supply Depot  
  109  6:56  Supply Depot  
  109  6:57  Supply Depot  
  109  7:00  SCV  
  109  7:02  Ghost Academy  
  109  7:05  Medivac x2  
  109  7:08  Supply Depot  
  113  7:09  Siege Tank  
  113  7:10  SCV x2  
  113  7:15  Barracks Tech Lab, Marauder x2  
  122  7:16  Barracks Reactor  
  122  7:20  Combat Shield  
  122  7:22  SCV x2  
  124  7:23  SCV  
  124  7:26  Refinery x2  
  125  7:34  SCV  
  125  7:35  SCV, Missile Turret  
  125  7:36  Supply Depot  
  127  7:37  Missile Turret  
  127  7:38  Medivac  
  127  7:40  Medivac  
  131  7:46  SCV  
  132  7:54  SCV  
  132  7:57  Marine x3  
  132  7:58  Missile Turret x2  
  135  8:00  Marine x3  
  135  8:01  Marine  
  139  8:08  Siege Tank, Viking  
  139  8:10  Viking  
  146  8:13  Supply Depot  
  146  8:15  Marine x3  
  146  8:18  Supply Depot, Marine  
  154  8:20  Supply Depot x2  
  154  8:26  Supply Depot  
  154  8:29  Ghost x2  
  154  8:32  Ghost  
  154  8:33  Marine x3  
  158  8:38  Supply Depot  
  158  8:39  Viking  
  158  8:40  Marine, Viking, Supply Depot  
  163  8:50  Marine  
  163  8:51  Marine  
  163  8:52  Marine  
  166  8:58  Marine, Marauder  
  166  8:59  Marauder  
  166  9:01  Marauder  
  173  9:08  Marine x2  
  173  9:09  Viking  
  177  9:10  Marine, Viking  
  177  9:16  Marine, Command Center  
  181  9:20  Armory, Marauder x2  
  181  9:22  Marauder, Enhanced Shockwaves  
  181  9:23  Engineering Bay  
  187  9:26  Marine  
  187  9:31  Bunker  
  188  9:41  Marauder  
  188  9:42  Viking x2  
  194  10:01  Marine x3, Marauder  
  194  10:02  Marine  
  200  10:08  Marauder  
  200  10:12  Viking  
  200  10:13  Terran Infantry Weapons Level 2, Terran Infantry Armor Level 2  
  200  10:14  Terran Ship Weapons Level 1  
  200  10:20  Barracks x2  
  193  10:21  Barracks  
  193  10:27  Marine x2, Marauder x2  
  142  10:29  Marauder  
  142  10:31  Marine x2  
  140  10:38  Viking  
  140  10:42  Viking  
  143  10:44  Marine  
  143  10:45  Marine  
  143  10:48  Marauder, Ghost  
  143  10:49  Marine x2  
  151  10:51  Marauder  
  151  10:52  Missile Turret  
  151  10:54  Missile Turret  
  153  11:02  Marine x2  
  155  11:07  Marine  
  155  11:08  Planetary Fortress  
  155  11:10  Marauder  
  160  11:12  Marine x3, Missile Turret  
  160  11:13  Marine  
  160  11:22  Ghost x2  
  160  11:25  Medivac  
  162  11:35  Medivac  
  162  11:37  SCV x3  
  169  11:40  Marauder  
  166  11:52  Marauder  
  166  11:53  Concussive Shells, Barracks Tech Lab, Marine, Marauder  
  171  11:54  Barracks Tech Lab  
  171  11:55  Medivac  
  171  11:59  Marine x2  
  171  12:00  Marine x2  
  177  12:01  Marauder  
  177  12:04  SCV  
  177  12:05  Missile Turret  
  162  12:10  Marine  
  162  12:13  Marauder  
  162  12:14  Marauder  
  147  12:17  Marine x2  
  147  12:22  Marauder x2, Marine  
  143  12:23  Marine, Marauder, SCV x3  
  148  12:31  Medivac x2  
  148  12:34  Marine, Marauder  
  148  12:35  Marine, SCV  
  148  12:36  Marauder  
  159  12:39  Marine  
  159  12:41  SCV x2, Refinery x2  
  159  12:42  Marine x2, Command Center  
  159  12:43  Marauder x2  
  170  12:44  Marauder  
  170  12:47  Bunker, SCV  
  171  12:52  Marine  
  171  12:53  Marine, SCV x2  
  171  12:55  Marine  
  171  12:56  Marine  
  171  12:57  Marine  
  171  12:58  Missile Turret  
  177  12:59  Marine x2  
  177  13:00  SCV  
  177  13:04  Marauder  
  177  13:05  SCV x2, Sensor Tower  
  182  13:08  Terran Infantry Weapons Level 3  
  182  13:12  SCV  
  183  13:14  SCV  
  183  13:17  SCV x2  
  186  13:26  Ghost x2  
  190  13:28  Marauder x2  
  190  13:29  Marauder  
  196  13:36  Orbital Command  
  196  13:40  Marine x4  
  200  13:46  Barracks Tech Lab, Sensor Tower  
  176  14:06  Marine x2  
  176  14:07  Marauder  
  167  14:12  Marine  
  167  14:13  Marauder  
  167  14:14  SCV x2  
  167  14:16  SCV  
  167  14:25  Marauder x2  
  167  14:26  SCV  
  167  14:31  Marine, Marauder  
  175  14:33  Marine x2, Marauder x2  
  175  14:34  Marine x2  
  175  14:35  Bunker  
  174  14:51  Marine x3, Marauder x2  
  174  14:52  Marauder  
  183  14:53  Marauder  
  183  14:54  Bunker  
  183  14:59  Marauder x2, Marine  
  190  15:04  Missile Turret  
  190  15:07  Missile Turret  
  190  15:09  Marine  
  191  15:17  Ghost x3  
  191  15:19  Marauder  
  199  15:36  Marine  
  183  15:46  Marine  
  183  15:47  Marine, Marauder x2  
  155  15:54  Orbital Command  
  155  15:56  Marauder  
  139  16:04  Marine  
  139  16:05  Marine, Marauder  
  139  16:06  Marauder x2  
  139  16:07  Marine  
  139  16:08  Marine, Marauder x2  
  139  16:09  SCV  
  139  16:10  SCV  
  155  16:16  Marine  
  156  16:19  Medivac  
  156  16:22  SCV x3, Marine x2  
  160  16:25  Marine x2  
  160  16:26  Marauder  
  160  16:27  Marine x2  
  160  16:29  Marine x2  
  154  16:33  Missile Turret  
  154  16:35  Marauder  
  154  16:38  SCV  
  153  16:40  Marine x2  
  153  16:43  Marine x2  
  153  16:44  SCV x2  
  153  16:45  Marine, Marauder  
  143  16:47  Marine, Marauder  
  144  16:55  Marauder  
  144  16:56  Marauder  
  133  17:03  Marine x3, Marauder  
  133  17:04  SCV  
  133  17:05  Marauder  
  133  17:06  Marauder  
  113  17:10  Marauder  
  113  17:14  Marine  
  101  17:17  Marauder x2  
  101  17:21  Marine  
  103  17:23  Marine  
  103  17:24  Marauder  
  106  17:34  Marauder x2  
  106  17:37  Marauder, Marine  
  110  17:55  Widow Mine  
Show
View Real Time Build Order
Export as new Build Order

夜蝶蝶蝶蝶蝶蝶蝶 Protoss - Winner!

Build Orders: 1 Gate Expand, Blink Stalkers, Colossus Rush 

Get SALT Encoding   

  12  0:00  Probe  
  13  0:13  Probe  
  14  0:17  Pylon  
  14  0:25  Probe (Chrono Boost)  
  15  0:37  Probe (Chrono Boost)  
  15  0:38  Gateway  
  16  0:45  Probe (Chrono Boost)  
  16  0:47  Assimilator  
  17  0:51  Probe  
  18  1:03  Probe  
  19  1:15  Probe  
  20  1:26  Cybernetics Core  
  20  1:33  Nexus  
  20  1:40  Pylon  
  20  1:44  Probe  
  21  1:50  Assimilator  
  21  1:56  Probe  
  21  1:59  Adept (Chrono Boost)  
  22  2:02  Warp Gate  
  22  2:08  Probe  
  25  2:20  Probe  
  25  2:22  Stalker  
  28  2:32  Probe  
  29  2:39  Twilight Council  
  29  2:45  Probe (Chrono Boost)  
  29  2:48  Probe (Chrono Boost)  
  31  2:56  Probe (Chrono Boost)  
  33  2:59  Probe (Chrono Boost)  
  33  3:01  Probe (Chrono Boost)  
  34  3:08  Probe  
  35  3:13  Probe  
  35  3:18  Robotics Facility  
  34  3:20  Probe  
  34  3:22  Blink  
  34  3:26  Probe  
  36  3:27  Gateway  
  36  3:33  Probe (Chrono Boost)  
  37  3:36  Gateway  
  37  3:38  Probe (Chrono Boost)  
  38  3:42  Pylon  
  38  3:43  Assimilator  
  38  3:45  Probe (Chrono Boost)  
  38  3:48  Pylon  
  39  3:52  Stalker  
  39  3:53  Probe (Chrono Boost)  
  41  3:57  Probe  
  41  4:05  Probe (Chrono Boost)  
  41  4:09  Probe (Chrono Boost)  
  44  4:10  Observer  
  44  4:13  Robotics Bay  
  45  4:17  Probe (Chrono Boost)  
  45  4:20  Assimilator, Probe (Chrono Boost)  
  45  4:24  Probe (Chrono Boost)  
  47  4:25  Probe (Chrono Boost)  
  47  4:31  Observer, Probe  
  49  4:32  Pylon  
  49  4:35  Probe  
  51  4:43  Probe  
  52  4:46  Nexus  
  52  4:47  Probe  
  52  4:49  Pylon  
  53  4:58  Colossus (Chrono Boost)  
  53  4:59  Probe  
  55  5:03  Probe  
  55  5:05  Pylon  
  61  5:09  Extended Thermal Lance  
  61  5:11  Probe  
  62  5:15  Probe (Chrono Boost)  
  62  5:18  Forge  
  63  5:22  Pylon  
  63  5:28  Shield Battery, Probe (Chrono Boost)  
  65  5:30  Probe (Chrono Boost)  
  66  5:35  Probe (Chrono Boost)  
  66  5:38  Probe (Chrono Boost)  
  66  5:42  Probe  
  67  5:45  Colossus, Protoss Ground Weapons Level 1 (Chrono Boost)  
  67  5:47  Gateway  
  67  5:49  Probe  
  75  5:59  Shield Battery  
  75  6:01  Shield Battery, Probe x3  
  78  6:08  Gateway  
  78  6:10  Gateway  
  78  6:13  Probe  
  78  6:14  Probe  
  78  6:15  Probe  
  78  6:18  Templar Archives  
  81  6:19  Charge  
  81  6:25  Probe  
  82  6:26  Probe  
  82  6:28  Pylon  
  82  6:31  Pylon  
  82  6:32  Sentry x3  
  89  6:38  Gateway x2  
  89  6:42  Pylon  
  89  6:44  Warp Prism (Chrono Boost)  
  91  6:50  Assimilator  
  91  6:53  Assimilator  
  91  6:58  Zealot  
  91  7:00  Zealot x2  
  97  7:03  Zealot  
  97  7:06  Nexus  
  99  7:09  Pylon  
  99  7:11  Gravitic Drive  
  99  7:14  Psionic Storm  
  99  7:26  Probe x3  
  99  7:28  Colossus  
  99  7:29  Pylon  
  108  7:36  Shield Battery  
  108  7:38  Probe x2  
  108  7:39  Protoss Ground Armor Level 1 (Chrono Boost)  
  108  7:40  Photon Cannon  
  108  7:43  Probe  
  111  7:50  Probe  
  112  7:54  Probe  
  112  7:56  High Templar x2  
  117  8:02  Gateway  
  117  8:05  Gateway  
  117  8:06  Gateway  
  117  8:08  High Templar, Zealot x3  
  117  8:09  Gateway, Zealot x2  
  117  8:10  Assimilator  
  129  8:25  Colossus (Chrono Boost)  
  129  8:27  Pylon  
  129  8:29  Zealot x2  
  129  8:30  Zealot x5  
  149  8:36  Pylon  
  149  8:41  High Templar  
  151  8:58  Stalker x5  
  151  9:01  Zealot x4  
  167  9:10  Shield Battery  
  167  9:11  Photon Cannon, Probe x3  
  167  9:15  High Templar  
  167  9:16  High Templar, Zealot  
  176  9:20  Photon Cannon  
  176  9:21  Shield Battery  
  176  9:24  Pylon  
  176  9:25  Dark Shrine  
  176  9:27  Pylon  
  176  9:29  Forge  
  176  9:45  Stalker x7  
  184  9:49  Pylon  
  184  9:52  Stalker  
  190  9:53  Stalker  
  190  9:58  Robotics Facility  
  190  10:01  Disruptor  
  137  10:29  Stalker x10  
  135  10:37  Warp Prism (Chrono Boost)  
  127  10:47  Disruptor (Chrono Boost)  
  127  10:48  Zealot x2  
  134  10:52  Protoss Ground Weapons Level 2 (Chrono Boost)  
  134  10:53  Zealot x5  
  134  10:54  Zealot x3  
  150  10:57  Protoss Ground Armor Level 2 (Chrono Boost)  
  146  11:27  Zealot x11  
  146  11:32  Disruptor x2  
  168  11:35  Stargate  
  174  11:57  Archon  
  160  12:11  Shadow Stride (Chrono Boost)  
  160  12:13  Zealot x7  
  160  12:14  Zealot  
  135  12:24  Warp Prism x2  
  137  12:30  Dark Templar x4  
  145  12:37  Nexus  
  145  12:39  Pylon  
  145  12:43  Zealot x3  
  151  12:58  Dark Templar x4  
  151  12:59  Dark Templar  
  161  13:11  Zealot x2  
  161  13:12  Zealot x5  
  175  13:15  Disruptor  
  176  13:37  Probe x4  
  178  13:43  Disruptor  
  178  13:45  High Templar  
  178  13:46  High Templar  
  185  13:51  Disruptor  
  185  13:52  Dark Templar x4  
  185  13:53  Dark Templar, Zealot  
  182  14:05  Nexus  
  156  14:18  Dark Templar x5  
  156  14:19  Dark Templar, Zealot  
  166  14:26  Disruptor  
  165  14:36  Zealot x4  
  173  14:41  Dark Templar x2  
  175  14:46  Disruptor  
  165  14:57  Zealot x4  
  173  15:02  Dark Templar x3  
  173  15:04  Zealot  
  173  15:05  Zealot  
  183  15:12  Nexus  
  183  15:16  Disruptor  
  183  15:17  High Templar  
  186  15:21  Photon Cannon  
  186  15:23  Photon Cannon  
  186  15:25  Photon Cannon, Probe x3  
  186  15:26  Probe  
  186  15:27  Probe  
  183  15:34  Assimilator, Zealot  
  183  15:35  Zealot x5  
  189  15:37  Assimilator  
  185  15:45  Archon, Zealot x4  
  165  15:54  Zealot x2  
  152  15:59  Disruptor x2  
  149  16:09  High Templar x2  
  149  16:11  Pylon  
  150  16:13  Assimilator  
  150  16:14  Assimilator  
  150  16:17  Dark Templar  
  150  16:18  Dark Templar, Zealot x6  
  156  16:24  Pylon  
  150  16:34  Dark Templar x2  
  150  16:35  Disruptor  
  150  16:37  Probe x4  
  157  16:47  Zealot x8  
  135  17:08  Dark Templar x4  
  135  17:09  Dark Templar, Zealot x6  
  135  17:10  Zealot  
  135  17:15  Pylon, Zealot x4  
  137  17:16  Zealot  
  137  17:22  Warp Prism (Chrono Boost)  
  152  17:31  Warp Prism (Chrono Boost)  
  152  17:36  Shield Battery  
  151  17:38  High Templar x2  
  151  17:39  High Templar, Zealot  
  151  17:40  Nexus, Zealot x3  
  165  17:47  Dark Templar  
  165  17:48  Zealot x4  
  172  18:11  Zealot x4  
  172  18:12  Zealot x5  
Tags
 
Add a new tag
Caveats
  • Supply blocks, unpowered buildings, or Contaminate may cause inaccurate times.
  • Supply counts are checked every 10 seconds.